 Dungeon Crawl Stone Soup version 0.21.1-1-g345015fe64 (webtiles) character file.

69 GotenAND the Covered (level 4, -7/29 HPs)
             Began as a Gargoyle Fighter on July 17, 2018.
             Mangled by a two-headed ogre
             ... wielding a +0 giant club
              (16 damage)
             ... on level 3 of the Dungeon.
             The game lasted 00:03:13 (1647 turns).

GotenAND the Covered (Gargoyle Fighter)             Turns: 1647, Time: 00:03:14

Health: -7/29      AC: 11    Str: 20    XL:     4   Next: 20%
Magic:  4/4        EV:  7    Int:  9    God:
Gold:   106        SH:  9    Dex:  9    Spells: 3/3 levels left

rFire    . . .     SeeInvis .   a - +0 war axe
rCold    . . .     Gourm    .   c - +0 shield
rNeg     + . .     Faith    .   b - +0 scale mail
rPois    ∞         Spirit   .   n - +0 helmet
rElec    +         Reflect  .   (no cloak)
rCorr    .         Harm     .   (no gloves)
MR       .....                  (no boots)
Stlth    ..........             (no amulet)
HPRegen  0.09/turn              (no ring)
MPRegen  0.09/turn              (no ring)

@: no status effects
A: negative energy resistance 1, electricity resistance, unbreathing,
petrification resistance, rot immunity, AC +3
a: no special abilities


You were on level 3 of the Dungeon.
You were not hungry.

You visited 1 branch of the dungeon, and saw 3 of its levels.

You collected 106 gold pieces.

Inventory:

Hand Weapons
 a - a +0 war axe (weapon)
Armour
 b - a +0 scale mail (worn)
 c - a +0 shield (worn)
 n - a +0 helmet (worn)
Scrolls
 d - a scroll of blinking {unknown}
 e - 3 scrolls of remove curse {unknown}
 h - a scroll of enchant weapon {unknown}
 i - a scroll of enchant armour {unknown}
 j - 4 scrolls of identify {unknown}
 k - 3 scrolls of amnesia {unknown}
 l - a scroll of random uselessness {unknown}
 o - 2 scrolls of teleportation {unknown}
Potions
 g - 2 potions of haste {unknown}
 m - a potion of degeneration {unknown}
Comestibles
 f - 6 rations


   Skills:
 + Level 4.1 Fighting
 + Level 2.7 Axes
 + Level 4.1 Armour
 - Level 3.2 Shields


You had 3 spell levels left.
You didn't know any spells.

Dungeon Overview and Level Annotations

Branches:
Dungeon (3/15)

Altars:
Gozag
Makhleb
Zin

Annotations:
D:3 OlSheep's ghost, amateur KoEn


Innate Abilities, Weirdness & Mutations

You are resistant to torment.
Your stone body is resilient. (AC +3)
You are immune to poison.
You resist negative energy. (rN+)
You are resistant to electric shocks. (rElec)
You can survive without breathing.
You are immune to petrification.
You are immune to rotting.


Message History

You are too injured to fight recklessly!
You are too injured to fight recklessly!
You are too injured to fight recklessly!
You are too injured to fight recklessly!
You are too injured to fight recklessly!
You are too injured to fight recklessly!
You are too injured to fight recklessly!
You slash the two-headed ogre!
The two-headed ogre is heavily wounded.
Your shield prevents you from hitting OlSheep's ghost.
OlSheep's ghost closely misses you. You block the two-headed ogre's attack.
The two-headed ogre hits you but does no damage.
You barely miss the two-headed ogre.
The two-headed ogre is heavily wounded.
You miss OlSheep's ghost.
OlSheep's ghost hits you but does no damage.
The two-headed ogre hits you but does no damage.
The two-headed ogre hits you with a giant club!
Ouch! That really hurt!
You die...

#........#
#........#
#........#
#........
#........
#......w#
#.....WO#
.......@###
#.#......<#
#.##.....#
# #.###.#
#. .# #. .#
.. .. #. ..
...


You could see a two-headed ogre, a worm and OlSheep's ghost.

Vanquished Creatures
  Robin (D:2)
  An ooze (D:1)
  2 dart slugs
  A leopard gecko (D:1)
  15 goblins
  7 hobgoblins
  2 jackals (D:1)
  A quokka (D:2)
  3 bats (D:1)
  3 frilled lizards
  5 kobolds
  3 rats (D:1)
44 creatures vanquished.

Notes
Turn   | Place    | Note
-------+----------+-------------------------------------------
     0 | D:1      | GotenAND the Gargoyle Fighter began the quest for the Orb.
     0 | D:1      | Reached XP level 1. HP: 14/14 MP: 1/1
   122 | D:1      | Reached XP level 2. HP: 19/19 MP: 2/2
   323 | D:1      | Reached XP level 3. HP: 19/24 MP: 3/3
   897 | D:2      | Found a glowing silver altar of Zin.
   898 | D:2      | Found a burning altar of Makhleb.
   901 | D:2      | Noticed an angel
   902 | D:2      | Noticed an Executioner
   933 | D:2      | Found an opulent altar of Gozag.
   937 | D:2      | Noticed Robin
   948 | D:2      | Killed Robin
   948 | D:2      | Reached XP level 4. HP: 15/29 MP: 4/4
  1638 | D:3      | Noticed OlSheep's ghost (amateur KoEn)
  1639 | D:3      | Noticed a two-headed ogre
  1647 | D:3      | Mangled by a two-headed ogre

Skill      XL: |  1  2  3 |
---------------+----------+-----
Axes           | 2 |  2.7
Armour         | 4 |  4.1
Fighting       | 4 |  4.1
Shields        | |  3.2

Action                   |  1- 3 |  4- 6 || total
-------------------------+-------+-------++-------
Melee: War axe           |    96 |    18 ||   114
  Use: Potion            |     1 |       ||     1
  Eat: Ration            |       |     1 ||     1
       Chunk             |       |     1 ||     1
Armor: Scale mail        |    65 |    12 ||    77
Dodge: Dodged            |    39 |     9 ||    48
Block: Shield            |    61 |    17 ||    78
